 Dungeon Crawl Stone Soup version 0.17-a0-1831-gaadb308 (webtiles) character file.

80 ololoev the Conjurer (level 4, 0/33 HPs)
             Began as a Draconian Conjurer on Sept 14, 2015.
             Slain by a jackal (2 damage)
             ... on level 2 of the Dungeon.
             The game lasted 00:04:22 (1811 turns).

ololoev the Conjurer (Draconian Conjurer)           Turns: 1811, Time: 00:04:23

Health: 0/33       AC:  5    Str: 10    XL:     4   Next: 18%
Magic:  1/8        EV: 12    Int: 21    God:
Gold:   21         SH:  0    Dex: 16    Spells: 2 memorised, 6 levels left

rFire  + . .     SeeInvis .     c - +0 dagger
rCold  + . .     Clarity  .     (armour unavailable)
rNeg   . . .     SustAt   .     (no shield)
rPois  +         Gourm    .     (helmet restricted)
rElec  +         Spirit   .     (no cloak)
rCorr  +         Warding  .     (no gloves)
rMut   .         Stasis   .     (no boots)
MR     .....                    (no amulet)
Stlth  ++........               (no ring)
                                k - +4 ring of dexterity

@: brilliant, resistant, very slightly contaminated, not resistant to hostile
enchantments, unstealthy
A: unfitting armour, cold-blooded, AC +5
a: no special abilities


Innate Abilities, Weirdness & Mutations

Your plain brown scales are hard (AC +5).
Your body does not fit into most forms of armour.
You are cold-blooded and may be slowed by cold attacks.

Inventory:

Hand weapons
 c - a +0 dagger (weapon)
Jewellery
 k - a +4 ring of dexterity (left hand)
Scrolls
 f - a scroll of enchant armour {unknown}
 g - a scroll of identify {unknown}
 j - a scroll of enchant weapon {unknown}
 m - a scroll of remove curse {unknown}
Potions
 e - a potion of agility {unknown}
Books
 a - a book of Conjurations

   Spells                             Type                      Level
   a - Magic Dart                     Conjuration                  1
   b - Searing Ray                    Conjuration                  2
   c - Dazzling Spray                 Conjuration/Hexes            3
   d - Fulminant Prism                Conjuration/Hexes            4
   e - Iskenderun's Mystic Blast      Conjuration                  4
   f - Iskenderun's Battlesphere      Conjuration/Charms           5
Comestibles
 b - a bread ration


   Skills:
 - Level 1.7 Dodging
 - Level 1.7 Stealth
 + Level 3.1 Spellcasting
 * Level 5.0 Conjurations


You had 6 spell levels left.
You knew the following spells:

 Your Spells              Type           Power        Failure   Level  Hunger
a - Magic Dart            Conj           ####         1%          1    None
b - Searing Ray           Conj           #####.       1%          2    ##.....


You were on level 2 of the Dungeon.
You were not hungry.

You visited 1 branch of the dungeon, and saw 2 of its levels.

You collected 21 gold pieces.

#######'#######
#.............#
#.............#
#.(...........#
#.###.............#
#.............†...#
#.###.............#
#.....h...........#
#.##..h@..........#
# ##.#############
#.# #[# #.# #.# #.#
### #.# ...#
##.#######...#

Notes
Turn   | Place    | Note
--------------------------------------------------------------
     0 | D:1      | ololoev the Draconian Conjurer began the quest for the Orb.
     0 | D:1      | Reached XP level 1. HP: 14/14 MP: 3/3
    61 | D:1      | Reached XP level 2. HP: 5/20 MP: 0/5
   138 | D:1      | Learned a level 2 spell: Searing Ray
   968 | D:1      | Reached XP level 3. HP: 24/26 MP: 7/7
  1655 | D:2      | Noticed Ijyb
  1717 | D:2      | HP: 1/26 [Ijyb (3)]
  1746 | D:2      | Killed Ijyb
  1746 | D:2      | Reached skill level 5 in Conjurations
  1746 | D:2      | Reached XP level 4. HP: 5/33 MP: 1/8
  1811 | D:2      | Slain by a jackal

Dungeon Overview and Level Annotations

Branches:
Dungeon (2/15)

Altars:


Message History

Press: ? - help, Shift-Dir - straight line, f - jackal
Aim: a jackal (lightly wounded)
The searing ray misses the jackal.
The searing ray hits the jackal.
The jackal is severely wounded.
The jackal barely misses you.
The jackal bites you but does no damage.
The jackal barely misses you.
The searing ray hits the jackal.
The jackal is almost dead.
The jackal bites you but does no damage.
The jackal closely misses you.
Without enough magic to sustain it, your searing ray dissipates.
The jackal closely misses you. The jackal bites you.
The jackal barely misses you.
The jackal bites you but does no damage. x3
You hit the jackal but do no damage.
The jackal is almost dead.
The jackal closely misses you. The jackal bites you.
You hit the jackal but do no damage.
Your tail-slap misses the jackal.
The jackal is almost dead.
The jackal bites you. The jackal closely misses you.
The jackal completely misses you. The jackal misses you.
You barely miss the jackal.
The jackal is severely wounded.
The jackal misses you. x2
You hit the jackal but do no damage.
The jackal is severely wounded.
The jackal bites you but does no damage.
The jackal bites you.
Drink which item? (? for menu, Esc to quit)
It was a potion of brilliance.
You feel clever all of a sudden. The jackal barely misses you.
The jackal bites you. The jackal closely misses you.
The jackal bites you but does no damage.
Drink which item? (? for menu, Esc to quit)
It was a potion of resistance.
You feel protected. The jackal bites you.
You die...

You could see 2 jackals.

Vanquished Creatures
  Ijyb (D:2)
  An ooze (D:1)
  A giant gecko (D:1)
  A giant cockroach (D:1)
  9 goblins
  2 hobgoblins (D:1)
  5 jackals
  5 ball pythons (D:1)
  6 bats
  5 giant newts
  7 kobolds (D:1)
  4 rats (D:1)
47 creatures vanquished.

Action                   |  1- 3 |  4- 6 || total
-------------------------+-------+-------++-------
Melee: Dagger            |   189 |     8 ||   197
       Unarmed           |     8 |       ||     8
 Cast: Magic Dart        |     7 |     2 ||     9
       Searing Ray       |     6 |     1 ||     7
  Use: Potion            |     2 |     2 ||     4
 Stab: Sleeping          |     2 |       ||     2
  Eat: Chunk             |     3 |     1 ||     4

Vault maps used:
D:1:      grunt_arrival_crossed_arrows, wad_woods_river_04, st_stairs_1,
          minmay_shallow_snake_nest
D:2:      gammafunk_temple_overflow_elements, uniq_robin, uniq_iyjb
